 Dungeon Crawl Stone Soup version 0.29.1-2-gbd0b4ee654 (webtiles) character file.

Game seed: 17687043945756608073

86 KittyFluff the Shield-Bearer (level 4, -3/44 HPs)
             Began as a Troll Fighter on Nov 28, 2022.
             Slain by a gnoll
             ... wielding a +0 flail
              (6 damage)
             ... on level 3 of the Dungeon.
             The game lasted 00:11:38 (1932 turns).

KittyFluff the Shield-Bearer (Troll Fighter)        Turns: 1932, Time: 00:11:39

Health: -3/44      AC:  4    Str: 24    XL:     4   Next: 26%
Magic:  3/3        EV:  9    Int:  4    God:
Gold:   109        SH:  8    Dex: 11    Spells: 3/3 levels left

rFire   . . .      SeeInvis .     - Unarmed
rCold   . . .      Faith    .   c - +0 kite shield
rNeg    . . .      Spirit   .   b - +0 robe
rPois   .          Reflect  .   (helmet restricted)
rElec   .          Harm     .   (no cloak)
rCorr   .          Rampage  .   (gloves unavailable)
Will    .....                   (boots unavailable)
Stlth   +.........              (no amulet)
HPRegen 0.94/turn               (no ring)
MPRegen 0.08/turn               (no ring)

@: no status effects
A: large, unfitting armour, claws 3, regeneration 1, shaggy fur 1, tough skin 1
a: no special abilities


You were on level 3 of the Dungeon.
You visited 1 branch of the dungeon, and saw 3 of its levels.

You collected 109 gold pieces.

Inventory:

Hand Weapons
 a - a +0 flail
Missiles
 e - 20 stones (quivered)
 f - 7 boomerangs
 n - 2 poisoned darts
 p - a large rock
Armour
 b - a +0 robe (worn)
 c - a +0 kite shield (worn)
Scrolls
 l - 3 scrolls of silence {unknown}
 m - 2 scrolls of enchant weapon {unknown}
 o - a scroll of teleportation {unknown}
Potions
 d - a potion of might
 g - 3 potions of heal wounds
 h - a potion of resistance
 i - 2 potions of lignification
 j - 2 potions of curing
 k - a potion of brilliance {unknown}


   Skills:
 + Level 2.9 Fighting
 + Level 1.7 Maces & Flails
 * Level 1.0 Throwing
 + Level 2.6 Dodging
 * Level 3.5 Shields
 + Level 1.4 Unarmed Combat


You had 3 spell levels left.
You didn't know any spells.
Your spell library was empty.

Dungeon Overview and Level Annotations

Branches:
Dungeon (3/15)

Altars:
Ru

Shops:
D:2 =


Innate Abilities, Weirdness & Mutations

You are too large for most types of armour.
You have claws for hands.
Your natural rate of healing is unusually fast.
You are covered in fur. (AC +1)
You have tough skin. (AC +1)


Message History

You struggle against the net.
A gnoll comes into view.
It is wielding a +1 flail of protection.
A gnoll comes into view. It is wielding a +0 flail.
You struggle against the net.
You struggle against the net.
A bat comes into view.
The bat moves out of view.
You shred the net and break free!
The gnoll throws a throwing net.
The throwing net hits you.
You become entangled in the net!
You struggle against the net.
You struggle against the net.
You tear a large gash into the net.
The bat hits you but does no damage. The gnoll hits you with a +0 flail!
You struggle against the net.
The bat barely misses you. The gnoll hits you with a +0 flail.
The gnoll hits you with a +1 flail of protection!
The bat hits you but does no damage.
You rip the net and break free!
The bat closely misses you. The gnoll closely misses you. The bat hits you.
The gnoll throws a throwing net.
The throwing net hits you.
You become entangled in the net!
You see here a throwing net.
You struggle against the net.
The bat barely misses you.
The gnoll hits you with a +1 flail of protection.
You tear a large gash into the net.
The bat hits you. The gnoll hits you with a +0 flail.
The gnoll hits you with a +1 flail of protection.
You rip the net and break free!
You block the gnoll's attack. The gnoll hits you but does no damage.
The gnoll hits you with a +1 flail of protection!
* * * LOW HITPOINT WARNING * * *
The bat hits you but does no damage. The gnoll attacks as you move away!
The gnoll hits you with a +0 flail!
* * * LOW HITPOINT WARNING * * *
You block the bat's attack. You block the gnoll's attack.
The bat barely misses you.
You closely miss the bat. The bat hits you.
* * * LOW HITPOINT WARNING * * *
The gnoll hits you with a +0 flail.
You die...

≈.#.. §§.#
≈.#.###.≈.########## .
≈.......§.....##...####..
≈≈≈≈≈≈≈≈≈................
.....................#...
#..##...................
#..##.........ggg....#..
#......##......@...###
#.##...###...##...##
#.##.#.......##.###
#..##.###.....##b#
#.###.# ####†....#####
#.# #.# #.......#....#
#.###.# #............#
......# #.......#....#
.....[###.......#....#


You could see 3 gnolls and a bat.

Vanquished Creatures
  An orc wizard (D:2)
  An adder (D:2)
  A worm (D:2)
  A dart slug (D:2)
  6 orcs (D:2)
  5 bats
  3 endoplasms
  2 giant cockroaches (D:1)
  3 goblins
  4 hobgoblins (D:1)
  2 kobolds
  2 quokkas
  4 ball pythons
  A frilled lizard (D:3)
  3 rats (D:1)
39 creatures vanquished.

Notes
Turn   | Place    | Note
-------+----------+-------------------------------------------
     0 | D:1      | KittyFluff the Troll Fighter began the quest for the Orb.
     0 | D:1      | Reached XP level 1. HP: 22/22 MP: 0/0
   224 | D:1      | Reached XP level 2. HP: 29/29 MP: 1/1
   776 | D:1      | Reached skill level 3 in Shields
  1176 | D:2      | Reached XP level 3. HP: 36/36 MP: 2/2
  1179 | D:2      | Found Haoxt's Jewellery Boutique.
  1317 | D:2      | Reached skill level 1 in Unarmed Combat
  1367 | D:2      | Reached skill level 1 in Throwing
  1367 | D:2      | Reached XP level 4. HP: 36/44 MP: 3/3
  1512 | D:2      | Found a faded altar of an unknown god.
  1739 | D:2      | Found a sacrificial altar of Ru.
  1931 | D:3      | HP: 2/44 [gnoll/+0 flail (8)]
  1932 | D:3      | Slain by a gnoll

Illustrated notes

Levels and vault maps discovered:
D:1:      kilobyte_arrival_exit_the_forest, layout_basic,
          minmay_tree_intersection
D:2:      layout_loops_cross, hellmonk_ecumenical_altar_defaced_shrine,
          serial_shops, nicolae_shop_waterfront, basic_altar
D:3:      layout_rooms, mainiacjoe_overflow_brackets

Skill      XL: |  1  2  3 |
---------------+----------+-----
Shields        | 3 |  3.5
Unarmed Combat | 1 |  1.4
Throwing       | 1 |  1.0
Fighting       | |  2.9
Maces & Flails | |  1.7
Dodging        | |  2.6

Action                   |  1- 3 |  4- 6 || total
-------------------------+-------+-------++-------
Melee: Unarmed           |    88 |    35 ||   123
  Use: Scroll            |       |     4 ||     4
Armor: Robe              |    33 |    18 ||    51
Dodge: Dodged            |    32 |    17 ||    49
Block: Kite shield       |    34 |    19 ||    53
